 Dungeon Crawl Stone Soup version 0.24-a0-458-gfcb5e6da0e (webtiles) character file.

Game seed: 6381742222556041348

582 Krouwed the Skirmisher (level 7, -9/57 HPs)
             Began as a Demonspawn Gladiator on June 27, 2019.
             Mangled by a centaur
             ... wielding a +0 dire flail
              (10 damage)
             ... on level 5 of the Dungeon.
             The game lasted 00:08:20 (4225 turns).

Krouwed the Skirmisher (Demonspawn Gladiator)       Turns: 4225, Time: 00:08:21

Health: -9/57      AC:  7    Str: 17    XL:     7   Next: 14%
Magic:  16/16      EV: 10    Int:  9    God:
Gold:   368        SH:  0    Dex: 14    Spells: 6/6 levels left

rFire    + + +     SeeInvis +   a - +0 war axe
rCold    . . .     Gourm    .   (no shield)
rNeg     + . .     Faith    .   h - -2 scale mail (curse)
rPois    +         Spirit   .   (helmet unavailable)
rElec    .         Reflect  .   (no cloak)
rCorr    .         Harm     .   (no gloves)
MR       .....                  (no boots)
Stlth    ..........             (no amulet)
HPRegen  0.19/turn              p - ring "Fuwirgh" {rPois rF+++ rN+ MP+9}
MPRegen  0.15/turn              (no ring)

@: no status effects
A: antennae 3, thin metallic scales 2, spiny 1
a: no special abilities


You were on level 5 of the Dungeon.
You were very hungry.

You visited 1 branch of the dungeon, and saw 5 of its levels.

You collected 368 gold pieces.

Inventory:

Hand Weapons
 a - a +0 war axe (weapon)
Missiles
 d - a throwing net (quivered)
 j - 20 poisoned darts
Armour
 b - a +0 leather armour
 h - a cursed -2 scale mail (worn)
 q - a cursed +0 leather armour
Jewellery
 p - the ring "Fuwirgh" (left hand) {rPois rF+++ rN+ MP+9}
   (You found it on level 5 of the Dungeon)

   [ring of magical power]

   It renders you almost immune to fire.
   It protects you from poison.
   It protects you from negative energy.
   It affects your magic capacity (+9).
Scrolls
 k - 5 scrolls of identify
 n - 2 scrolls of teleportation
 o - 3 scrolls of enchant armour
 r - 2 scrolls of fog
 s - a scroll of remove curse {unknown}
Potions
 c - 2 potions of degeneration {unknown}
 e - a potion of lignification {unknown}
 g - 4 potions of mutation
 i - 2 potions of heal wounds {unknown}
 l - 2 potions of curing {unknown}
 m - 2 potions of flight {unknown}
Comestibles
 f - 5 rations


   Skills:
 + Level 5.7 Fighting
 + Level 5.6 Axes
 - Level 1.7 Throwing
 - Level 2.6 Dodging


You had 6 spell levels left.
You didn't know any spells.
Your spell library contained the following spells:

 Spells                   Type           Power        Failure   Level  Hunger
 Confusing Touch          Hex            #.....       83%         1    ##.....
 Confuse                  Hex            #.......     99%         3    ####...
 Gell's Gravitas          Tloc           #.........   99%         3    ####...
 Petrify                  Tmut/Erth      #.......     100%        4    #####..
 Metabolic Englaciation   Hex/Ice        #.........   100%        5    ######.
 Yara's Violent Unravell  Hex/Tmut       #.........   100%        5    ######.


Dungeon Overview and Level Annotations

Branches:
Dungeon (5/15)
 Temple: D:4-7

Altars:
Elyvilon
Fedhas
Vehumet
Zin
The Shining One


Innate Abilities, Weirdness & Mutations

You have a pair of large antennae on your head. (SInv)
You are mostly covered in thin metallic scales. (AC +3)
You are partially covered in sharp spines.


Message History

The centaur hits you with a +0 dire flail!
* * * LOW HITPOINT WARNING * * *
You barely miss the centaur.
The centaur is moderately wounded.
The centaur hits you with a +0 dire flail!
* * * LOW HITPOINT WARNING * * *
The centaur is struck by your spines. The centaur closely misses you.
You slash the centaur!
The centaur is almost dead.
The centaur hits you with a +0 dire flail.
* * * LOW HITPOINT WARNING * * *
You barely miss the centaur.
The centaur is almost dead.
The centaur hits you with a +0 dire flail.
* * * LOW HITPOINT WARNING * * *
The centaur closely misses you.
You hit the centaur but do no damage.
The centaur is almost dead.
The centaur hits you with a +0 dire flail!
You die...

#..................#
#.......#..........##
##.......#.##........##
####.......##.##.........#
###....##.......##.....##..##
###...########..#.##########..###
....### #....# ########.... ....#
#####(.######..........#
....######.....c@..........#.....
...........##...#.((.(..####.....
....#########.....####### #...[.
....# #<......... #..... ....#
#.........< #>.... ....#
#...)...... ###### #####
############


You could see a centaur.

Vanquished Creatures
  A black bear (D:4)
  A howler monkey (D:4)
  A crimson imp (D:5)
  A bullfrog zombie (D:5)
  A hound (D:4)
  2 orc wizards (D:4)
  A centaur skeleton (D:4)
  A worker ant (D:4)
  4 gnolls (D:3)
  9 adders
  2 oozes
  2 worms
  3 dart slugs
  8 leopard geckos
  9 orcs
  6 bats
  4 giant cockroaches
  10 goblins
  12 hobgoblins
  4 jackals (D:2)
  7 kobolds
  2 quokkas
  3 frilled lizards
  A quokka skeleton (D:4)
  7 rats
102 creatures vanquished.

Notes
Turn   | Place    | Note
-------+----------+-------------------------------------------
     0 | D:1      | Krouwed the Demonspawn Gladiator began the quest for the
                  | Orb.
     0 | D:1      | Reached XP level 1. HP: 16/16 MP: 1/1
    23 | D:1      | Gained mutation: You are partially covered in sharp spines.
                  | [demonic ancestry]
    23 | D:1      | Reached XP level 2. HP: 23/23 MP: 2/2
   635 | D:1      | Gained mutation: You are partially covered in thin metallic
                  | scales. (AC +2) [demonic ancestry]
   635 | D:1      | Reached XP level 3. HP: 25/28 MP: 3/3
  1110 | D:2      | Found a glowing silver altar of Zin.
  1110 | D:2      | Found a glowing golden altar of the Shining One.
  1110 | D:2      | Found a white marble altar of Elyvilon.
  1193 | D:2      | Gained mutation: You have a pair of small antennae on your
                  | head. [demonic ancestry]
  1193 | D:2      | Reached XP level 4. HP: 34/35 MP: 4/4
  2058 | D:3      | Gained mutation: You are mostly covered in thin metallic
                  | scales. (AC +3) [demonic ancestry]
  2058 | D:3      | Reached XP level 5. HP: 39/42 MP: 5/5
  2097 | D:3      | Found a blossoming altar of Fedhas.
  3149 | D:4      | Noticed a black bear
  3153 | D:4      | Killed a black bear
  3153 | D:4      | Reached skill level 5 in Axes
  3153 | D:4      | Gained mutation: You have a pair of antennae on your head.
                  | [demonic ancestry]
  3153 | D:4      | Reached XP level 6. HP: 38/50 MP: 6/6
  3232 | D:4      | Reached skill level 5 in Fighting
  4057 | D:5      | Entered Level 5 of the Dungeon
  4072 | D:5      | Gained mutation: You have a pair of large antennae on your
                  | head. (SInv) [demonic ancestry]
  4072 | D:5      | Reached XP level 7. HP: 48/56 MP: 7/7
  4129 | D:5      | Got a twitching steel ring
  4142 | D:5      | Identified the ring "Fuwirgh" {rPois rF+++ rN+ MP+9} (You
                  | found it on level 5 of the Dungeon)
  4151 | D:5      | Found a radiant altar of Vehumet.
  4224 | D:5      | HP: 1/57 [centaur/+0 dire flail (3)]
  4225 | D:5      | Mangled by a centaur

Levels and vault maps discovered:
D:1:      beargit_arrival_greenhouse, layout_loops_ring, serial_forest,
          infiniplex_forest_clump_small, infiniplex_forest_straight_3,
          infiniplex_forest_join, infiniplex_forest_end_2,
          infiniplex_forest_3_way, infiniplex_forest_straight_1,
          infiniplex_forest_clump_medium, infiniplex_forest_clump_diagonal
D:2:      cheibrodos_old_hovel, layout_loops_ring, good_gods_mini_temple,
          first_ration, kennysheep_generic_room_15
D:3:      layout_basic, fedhas_altar_2
D:4:      layout_loops_corners, minmay_joined_circles
D:5:      layout_rooms, marbit_many_paths, uniq_sigmund

Skill      XL: |  1  2  3  4  5  6 |
---------------+-------------------+-----
Axes           | 3 4 5 |  5.6
Fighting       | 3 4 5 |  5.7
Throwing       | |  1.7
Dodging        | |  2.6

Action                   |  1- 3 |  4- 6 |  7- 9 || total
-------------------------+-------+-------+-------++-------
Melee: War axe           |    68 |   132 |    14 ||   214
Throw: Throwing net      |       |       |     2 ||     2
  Use: Scroll            |     5 |     4 |       ||     9
  Eat: Chunk             |     1 |     5 |       ||     6
       Ration            |       |     1 |       ||     1
Armor: Leather armour    |     5 |       |       ||     5
       Scale mail        |    14 |    51 |     3 ||    68
Dodge: Dodged            |    40 |    60 |     9 ||   109

Table legend:
 A = Non-vault XP
 B = Vault XP
 C = Vault XP percentage of total XP
 D = Non-vault monster count
 E = Vault monster count
 F = Vault count percentage of total count
                 A         B        C        D         E       F
            +---------+---------+-------+---------+---------+-------
      Total |     587 |     245 |  29.4 |      91 |      11 |  10.8
            +---------+---------+-------+---------+---------+-------
        D:1 |      51 |       0 |   0.0 |      24 |       0 |   0.0
        D:2 |      70 |       2 |   2.8 |      23 |       1 |   4.2
        D:3 |     168 |       0 |   0.0 |      32 |       0 |   0.0
        D:4 |     236 |     193 |  45.0 |       9 |       9 |  50.0
        D:5 |      62 |      50 |  44.6 |       3 |       1 |  25.0
            +---------+---------+-------+---------+---------+-------
